 Dungeon Crawl Stone Soup version 0.23.2-11-gf996548c65 (webtiles) character file.

Game seed: 1111451875492060043

142 PentaManta the Shield-Bearer (level 5, -2/36 HPs)
             Began as an Octopode Fighter on June 3, 2019.
             Slain by Purgy (8 damage)
             ... on level 3 of the Dungeon.
             The game lasted 00:03:05 (1788 turns).

PentaManta the Shield-Bearer (Octopode Fighter)     Turns: 1788, Time: 00:03:06

Health: -2/36      AC:  1    Str: 15    XL:     5   Next: 24%
Magic:  5/5        EV: 12    Int: 10    God:
Gold:   138        SH:  9    Dex: 13    Spells: 4/4 levels left

rFire    . . .     SeeInvis .   i - +0 hand axe
rCold    . . .     Gourm    .   b - +0 shield
rNeg     . . .     Faith    .   (helmet restricted)
rPois    .         Spirit   .   (no amulet)
rElec    .         Reflect  .   (no ring)
rCorr    .         Harm     .   (no ring)
MR       .....                  (no ring)
Stlth    ++........             (no ring)
HPRegen  0.12/turn              (no ring)
MPRegen  0.09/turn              (no ring)
                                (no ring)
                                (no ring)

@: no status effects
A: almost no armour, stealthy swim, amphibious, 8 rings, constrict 8, camouflage
1, gelatinous body 1
a: no special abilities


You were on level 3 of the Dungeon.
You were hungry.

You visited 1 branch of the dungeon, and saw 3 of its levels.

You collected 138 gold pieces.

Inventory:

Hand Weapons
 a - a +0 war axe
 f - a +1 dagger of freezing
 i - a +0 hand axe (weapon)
Missiles
 k - 14 stones (quivered)
Armour
 b - a +0 shield (worn)
Scrolls
 e - a scroll of remove curse {unknown}
 g - 5 scrolls of identify {unknown}
 h - 2 scrolls of magic mapping {unknown}
 j - a scroll of fog {unknown}
 l - 2 scrolls of blinking {unknown}
Potions
 c - a potion of might
 m - a potion of curing {unknown}
Comestibles
 d - 5 rations


   Skills:
 - Level 3.0 Fighting
 + Level 3.9 Axes
 - Level 3.0 Dodging
 + Level 4.5 Shields


You had 4 spell levels left.
You didn't know any spells.
Your spell library was empty.

Dungeon Overview and Level Annotations

Branches:
Dungeon (3/15)

Altars:
Fedhas
Qazlal
Ru

Annotations:
D:3 Purgy


Innate Abilities, Weirdness & Mutations

You cannot wear most types of armour.
You are very stealthy in the water. (Stealth+)
You are amphibious.
You can wear up to eight rings at the same time.
You can use your tentacles to constrict eight enemies at once.
Your skin changes colour to match your surroundings (Stealth+).
Your rubbery body absorbs attacks. (AC +1, EV +1)


Message History

The weapon returns to the orc!
You hit the hobgoblin but do no damage. You grab the hobgoblin.
You squeeze the hobgoblin.
You kill the hobgoblin!
You hit Purgy. Purgy misses you. You block Purgy's attack. Purgy claws you.
* * * LOW HITPOINT WARNING * * *
You block the orc's attack.
You barely miss the orc. Your grab misses the orc. You hit Purgy.
You block the orc's attack. Purgy bites you.
* * * LOW HITPOINT WARNING * * *
Purgy misses you. Purgy claws you but does no damage.
The frilled lizard closely misses you. You block Purgy's attack.
Purgy claws you but does no damage. Purgy completely misses you.
The orc misses you.
You slash the frilled lizard!
You kill the frilled lizard!
You barely miss the orc. You hit Purgy. The orc hits you.
* * * LOW HITPOINT WARNING * * *
Purgy bites you!
You die...

#.# #.# #.# #.#
#.# #.# l...
#.######## ....
#.#..T.#.# .....
#.#.##@#.##....l.
#.#.#†o#..o..l...
#.#......##......
#.####...†l.>....
###†# #.##†##....
#...# ####.# .
#####.### #####.#
#.....# #.....#
#.##### #.#####


You could see Purgy and an orc.

Vanquished Creatures
  6 adders (D:2)
  4 oozes (D:1)
  2 worms
  2 dart slugs
  A leopard gecko (D:2)
  An orc (D:3)
  5 bats
  2 giant cockroaches (D:1)
  4 goblins
  6 hobgoblins
  11 jackals
  5 kobolds
  5 frilled lizards
  7 rats
61 creatures vanquished.

Notes
Turn   | Place    | Note
-------+----------+-------------------------------------------
     0 | D:1      | PentaManta the Octopode Fighter began the quest for the
                  | Orb.
     0 | D:1      | Reached XP level 1. HP: 16/16 MP: 1/1
    24 | D:1      | Reached XP level 2. HP: 20/21 MP: 2/2
   107 | D:1      | Reached XP level 3. HP: 25/26 MP: 3/3
  1012 | D:2      | Reached skill level 4 in Shields
  1012 | D:2      | Reached XP level 4. HP: 20/31 MP: 4/4
  1143 | D:2      | Found a blossoming altar of Fedhas.
  1146 | D:2      | Found a stormy altar of Qazlal.
  1499 | D:2      | Reached XP level 5. HP: 29/36 MP: 5/5
  1581 | D:2      | Found a sacrificial altar of Ru.
  1769 | D:3      | Noticed Purgy
  1788 | D:3      | Slain by Purgy

Skill      XL: |  1  2  3 |
---------------+----------+-----
Axes           | 3 |  3.9
Shields        | 4 |  4.5
Fighting       | |  3.0
Dodging        | |  3.0

Action                   |  1- 3 |  4- 6 || total
-------------------------+-------+-------++-------
Melee: War axe           |    38 |       ||    38
       Constrict         |    11 |    21 ||    32
       Tentacles         |     8 |    12 ||    20
       Hand axe          |    20 |    71 ||    91
 Stab: Sleeping          |     5 |     2 ||     7
       Distracted        |       |     1 ||     1
  Eat: Chunk             |       |     2 ||     2
Armor: Skin              |     2 |     5 ||     7
Dodge: Dodged            |    26 |    40 ||    66
Block: Shield            |    24 |    33 ||    57
